 Dungeon Crawl Stone Soup version 0.31-a0-636-ge1c0e020e0 (webtiles) character file.

Game seed: 4538088840127029202

3 Descartes the Sneak (level 1, -3/10 HPs)
             Began as a Felid Delver on Aug 26, 2023.
             Slain by an orc
             ... wielding a +0 falchion
              (5 damage)
             ... on level 4 of the Dungeon.
             The game lasted 00:00:37 (90 turns).

Descartes the Sneak (Felid Delver)                    Turns: 90, Time: 00:00:38

Health: -3/10      AC:  1    Str:  8    XL:     1   Next: 41%
Magic:  2/2        EV: 17    Int: 11    God:
Gold:   20         SH:  0    Dex: 17    Spells: 0/0 levels left
                                        Lives:  0   Deaths: 1

rFire   . .          .
                       - Unarmed
rCold   . . .        (shield unavailable)
rNeg    . . .        (body armour unavailable)
rPois   .            (helmet unavailable)
rElec   .            (cloak unavailable)
rCorr   .            (gloves unavailable)
SInv    +            (boots unavailable)
Will    .....        (no amulet)
Stlth   ++++         (no ring)
HPRegen 0.21/turn    (no ring)
MPRegen 0.08/turn

%: no passive effects
@: quick
A: very small, claws 1, fangs 3, see invisible, speed 1, shaggy fur 1, stealthy
paws, no weapons or thrown items, no armour, multi-lived
a: no special abilities


You were on level 4 of the Dungeon.
You visited 1 branch of the dungeon, and saw 2 of its levels.

You collected 20 gold pieces.

Inventory:

Wands
 e - a wand of digging (3)
Scrolls
 a - a scroll of fog
 b - a scroll of revelation
 c - 2 scrolls of fear
Potions
 d - a potion of haste
 f - a potion of invisibility {unknown}
 g - a potion of heal wounds {unknown}


   Skills:
 + Level 3.0 Fighting
 + Level 2.8 Dodging
 * Level 6.6 Stealth
 + Level 2.0 Unarmed Combat
 + Level 0.1 Shapeshifting


You couldn't memorise any spells.
You didn't know any spells.
Your spell library was empty.

Dungeon Overview and Level Annotations

Branches:
Dungeon (5/15)
 Temple: D:4-7

Altars:

Annotations:
D:5 Prince Ribbit


Innate Abilities, Weirdness & Mutations

You have sharp claws.
You have razor-sharp teeth.
You have supernaturally acute eyesight. (SInv)
You cover ground quickly. (Speed+)
You are covered in fur. (AC +1)
Your paws help you pounce on unaware monsters.
You are incapable of wielding weapons or throwing items.
You cannot wear armour.
You gain extra lives every three experience levels.


Message History

You are too injured to fight recklessly!
You are too injured to fight recklessly!
You are too injured to fight recklessly!
You are too injured to fight recklessly!
You are too injured to fight recklessly!
You are too injured to fight recklessly!
You are too injured to fight recklessly!
You are too injured to fight recklessly!
You are too injured to fight recklessly!
You are too injured to fight recklessly!
You are too injured to fight recklessly!
You are too injured to fight recklessly!
You are too injured to fight recklessly!
You are too injured to fight recklessly!
Unknown command.
The hobgoblin attacks as it pursues you!
The hobgoblin closely misses you.
There is a stone staircase leading down here.
Found 8 stones.
Found 8 gold pieces.
A dart slug comes into view.
Found a scroll labelled WOATUSSIRPH.
Found a steaming leather armour.
You see here the +2 leather armour of Ofoteom {Str+6}.
The ball python bites you. The ball python grabs you.
The ball python constricts you.
You scratch the ball python but do no damage.
The ball python barely misses you. The ball python constricts you.
You barely miss the ball python. The ball python completely misses you.
The ball python constricts you. The ball python misses you.
The ball python constricts you.
You closely miss the ball python. The orc hits you with a +0 falchion.
* * * LOW HITPOINT WARNING * * *
The ball python closely misses you. The ball python constricts you.
* * * LOW HITPOINT WARNING * * *
You scratch the ball python.
You kill the ball python!
The orc hits you with a +0 falchion.
Ouch! That really hurt!
You die...

#..##.##......#
..## ....
########.##
?..# ...
#o.###.w.# ...
#.g##....# .#
##..##..#
#.......#
##.Sos.###
####o...#
#[.@..# ###.###
#.# ###


You could see a scorpion, a dart slug (asleep), 3 orcs, a hobgoblin and a ball
python.

Vanquished Creatures
  An orc (D:4)
  A ball python (D:4)
  A quokka (D:5)
3 creatures vanquished.

Notes
Turn   | Place    | Note
-------+----------+-------------------------------------------
     0 | D:5      | Descartes the Felid Delver began the quest for the Orb.
     0 | D:5      | Reached XP level 1. HP: 10/10 MP: 2/2
    15 | D:5      | Noticed Prince Ribbit
    15 | D:5      | Noticed a gnoll bouda
    17 | D:5      | Slain by a gnoll
    59 | D:4      | Noticed a scorpion
    83 | D:4      | Identified the +2 leather armour of Ofoteom {Str+6}
    90 | D:4      | Slain by an orc

Illustrated notes

Levels and vault maps discovered:
D:4:      layout_cave_pools, minitemple, minmay_temple_entry_proselytizer,
          chequers_hall_statues_corner_a
D:5:      layout_loops_ring, uniq_eustachio, uniq_prince_ribbit1, uniq_pikel

Action                     || total
---------------------------++-------
  Melee: Unarmed           ||     9
   Stab: Sleeping          ||     1
  Dodge: Dodged            ||    12

Table legend: (Time is in decaauts)
 A = Elapsed time spent in this place.
 B = Non-inter-level travel time spent in this place.
 C = Inter-level travel time spent in this place.
 D = Time resting spent in this place.
 E = Time spent auto-exploring this place.
 F = Levels seen in this place.
 G = Mean time per level.
                   A        B        C        D        E       F      G
               +--------+--------+--------+--------+--------+-----+--------+
         Total |     75 |     75 |      0 |      0 |     29 |   2 |   37.5 |
       Dungeon |     75 |     75 |      0 |      0 |     29 |   2 |   37.5 |
               +--------+--------+--------+--------+--------+-----+--------+

Top non-repeatable levels by time:
     D:4: 37 daAuts
     D:5: 37 daAuts
